Map: Whirlwind LE (Void)

Players

Fropez - Winner!

  • Race: Protoss Protoss
  • League: Gold
  • Spawn Location: 7:00

OldSkuLL

  • Race: Zerg Zerg
  • Spawn Location: 1:00

VOD

Have the link to the VOD?

Description

Time

  • Played on: Dec. 1, 2016, 10:32 a.m.
  • Length: 5:56
Show
View Real Time Build Order
Export as new Build Order

Fropez Protoss - Winner!

Build Orders:  

Get SALT Encoding   

  12  0:01  Probe (Chrono Boost)  
  13  0:15  Probe (Chrono Boost)  
  14  0:23  Pylon  
  14  0:26  Probe (Chrono Boost)  
  15  0:30  Assimilator  
  15  0:41  Probe (Chrono Boost)  
  16  0:51  Gateway  
  16  0:56  Pylon  
  16  0:58  Probe (Chrono Boost)  
  16  1:03  Assimilator  
  17  1:09  Probe (Chrono Boost)  
  18  1:24  Gateway  
  18  1:29  Probe (Chrono Boost)  
  18  1:31  Pylon  
  19  1:51  Probe (Chrono Boost)  
  19  1:52  Cybernetics Core  
  20  2:01  Probe (Chrono Boost)  
  21  2:21  Nexus  
  21  2:29  Pylon  
  21  2:42  Mothership Core (Chrono Boost)  
  21  2:43  Warp Gate (Chrono Boost)  
  22  2:56  Adept x2  
  26  3:00  Probe (Chrono Boost)  
  27  3:17  Probe (Chrono Boost)  
  28  3:27  Probe (Chrono Boost)  
  28  3:33  Probe (Chrono Boost)  
  30  3:38  Probe  
  31  3:42  Adept x2  
  31  3:45  Pylon  
  35  3:52  Probe  
  35  3:55  Twilight Council, Probe  
  36  4:03  Probe  
  36  4:08  Assimilator  
  39  4:10  Adept x2  
  41  4:17  Probe  
  41  4:19  Probe  
  41  4:23  Assimilator  
  43  4:38  Pylon  
  43  4:41  Probe  
  44  4:46  Gateway  
  44  4:49  Probe  
  45  4:53  Pylon  
  45  4:58  Adept  
  45  4:59  Adept  
  49  5:16  Probe x2  
  51  5:28  Probe  
  51  5:31  Forge  
  51  5:33  Probe  
  53  5:35  Pylon  
Show
View Real Time Build Order
Export as new Build Order

OldSkuLL Zerg 

Build Orders: Pool First 

Get SALT Encoding   

  12  0:01  Drone  
  13  0:08  Drone  
  14  0:24  Extractor  
  14  0:25  Extractor, Drone  
  14  0:26  Drone  
  16  0:32  Overlord  
  16  0:49  Spawning Pool  
  15  0:51  Drone x2  
  17  1:00  Drone  
  18  1:10  Extractor  
  17  1:20  Hatchery  
  17  1:25  Drone x2  
  18  1:34  Drone  
  18  1:36  Queen  
  21  1:44  Overlord  
  21  1:52  Zergling x2  
  22  2:03  Drone  
  23  2:12  Queen  
  25  2:17  Drone  
  26  2:25  Metabolic Boost  
  26  2:27  Drone  
  27  2:34  Zergling x2  
  28  2:40  Queen  
  28  2:43  Drone  
  31  2:48  Drone x4  
  35  2:57  Baneling Nest  
  34  3:06  Drone x2  
  34  3:07  Overlord  
  36  3:29  Lair  
  36  3:33  Drone x5  
  36  3:34  Drone  
  42  3:43  Drone x2  
  42  3:47  Overlord  
  44  4:02  Overlord x2  
  44  4:10  Queen  
  46  4:19  Extractor  
  45  4:36  Drone x4  
  49  4:44  Drone  
  49  4:45  Roach Warren  
  49  4:50  Hatchery  
  47  5:08  Zergling x4  
  47  5:09  Zergling x16  
  47  5:10  Zergling x6  
  59  5:19  Spine Crawler  
  58  5:28  Extractor  
Tags
 
League
Gold
Matchup
PvZ
Opening
Pool First
Replay Pack
All Mines
Spawn Locations
Cross Positions
Add a new tag
Caveats
  • Supply blocks, unpowered buildings, or Contaminate may cause inaccurate times.
  • Supply counts are checked every 10 seconds.